 Dungeon Crawl Stone Soup version 0.30-a0-322-g102857c98e (webtiles) character file.

Game seed: 12142376552962806466

445 KarmaKiller the Trooper (level 7, -1/61 (66) HPs)
             Began as a Naga Berserker on Oct 27, 2022.
             Was a Priest of Trog.
             Slain by a scorpion (6 damage)
             ... on level 4 of the Dungeon.
             The game lasted 00:29:58 (3483 turns).

KarmaKiller the Trooper (Naga Berserker)            Turns: 3483, Time: 00:29:59

HP:   -1/61 (66)    AC:  8    Str: 21    XL:     7   Next: 3%
MP:   7/7           EV:  9    Int:  7    God:    Trog [***...]
Gold: 327           SH:  5    Dex: 11    Spells: 6/6 levels left

rFire   + + +      SeeInvis +    u - +9 whip "Joinapt" {freeze, rF+++}
rCold   + . .      Faith    .    (no shield)
rNeg    . . .      Spirit   .    v - +3 ring mail {rF+}
rPois   +          Reflect  +    (no helmet)
rElec   .          Harm     .    (no cloak)
rCorr   .          Rampage  .    (no gloves)
Will    .....                    (no barding)
Stlth   +.........               n - amulet of reflection
HPRegen 0.30/turn                l - ring of ice
MPRegen 0.10/turn                o - ring of flight

@: flying, drained, very slow
A: AC +2, large, see invisible, deformed body, poison resistance, slowness 2,
spit poison 1, naga tail 1
a: Spit Poison, Renounce Religion, Berserk, Trog's Hand


You were on level 4 of the Dungeon.
You worshipped Trog.
Trog was most pleased with you.
You visited 1 branch of the dungeon, and saw 5 of its levels.

You collected 327 gold pieces.

Inventory:

Hand Weapons
 a - a +0 spear
 m - a +0 dagger of venom
 u - the +9 whip "Joinapt" (weapon) {freeze, rF+++}
   (You found it on level 3 of the Dungeon)

   It freezes those it strikes, dealing additional cold damage.
   It can also slow down cold-blooded creatures.
   rF:        It renders you almost immune to fire.
 C - a +2 whip of draining
Armour
 h - a +0 ring mail
 v - a +3 ring mail of fire resistance (worn)
Magical Staves
 c - a staff of conjuration
 r - a staff of earth
Jewellery
 l - a ring of ice (left hand)
 n - an amulet of reflection (around neck)
 o - a ring of flight (right hand)
 y - a ring of protection from cold
 A - an amulet of regeneration
Scrolls
 d - a scroll of fear {unknown}
 e - 6 scrolls of teleportation
 f - a scroll of immolation {unknown}
 p - a scroll of poison {unknown}
 s - a scroll of noise
 t - 4 scrolls of fog
 x - 2 scrolls of amnesia
 D - 2 scrolls of magic mapping {unknown}
Potions
 b - a potion of lignification
 g - 2 potions of curing {unknown}
 i - a potion of heal wounds {unknown}
 j - 2 potions of degeneration
 k - 2 potions of cancellation {unknown}
 q - a potion of berserk rage {unknown}
 w - a potion of might {unknown}
 z - 3 potions of attraction


   Skills:
 + Level 4.3 Fighting
 + Level 1.2 Short Blades
 + Level 1.7 Maces & Flails
 + Level 3.9 Polearms
 + Level 3.4 Armour
 + Level 2.6 Dodging
 + Level 2.0 Stealth
 + Level 0.9 Shields


You had 6 spell levels left.
You didn't know any spells.
Your spell library contained the following spells:

 Spells                   Type           Power      Damage    Failure   Level
 Cigotuvi's Dreadful Rot  Necr/Pois/Air  0%         N/A       75%         2
 Ensorcelled Hibernation  Hex/Ice        0%         N/A       75%         2
 Passwall                 Tmut/Erth      0%         N/A       75%         2
 Poisonous Vapours        Pois/Air       0%         N/A       75%         2
 Mephitic Cloud           Conj/Pois/Air  0%         N/A       92%         3
 Swiftness                Air            0%         N/A       92%         3
 Dispel Undead            Necr           0%         3d6       100%        4
 Death Channel            Necr           0%         N/A       100%        6


Dungeon Overview and Level Annotations

Branches:
Dungeon (5/15)             Temple (0/1) D:4

Altars:
Zin

Annotations:
D:5 Ijyb


Innate Abilities, Weirdness & Mutations

Your serpentine skin is tough. (AC +2)
You have supernaturally acute eyesight. (SInv)
Armour fits poorly on your strangely shaped body.
Your system is resistant to poisons. (rPois)
You cover ground very slowly.
You can spit poison.
You have a snake-like lower body.


Message History

Press: ? - help, Q - select action, (/) - cycle Shift-Dir - straight line, f - scorpion, p - white imp
Aim: a scorpion (59% to hit)
The splash of poison hits the scorpion.
The scorpion is lightly wounded.
The scorpion stings you but does no damage.
The necrophage hits you.
* * * LOW HITPOINT WARNING * * *
You feel drained. The scorpion completely misses you.
You closely miss the necrophage.
The necrophage is almost destroyed.
The necrophage barely misses you. The scorpion barely misses you.
You whack the necrophage! You freeze the necrophage.
You destroy the necrophage!
Trog accepts your kill. The scorpion closely misses you.
Your Stealth skill increases to level 2!
You have reached level 7!
You whack the white imp!
The white imp is almost dead.
You have got your breath back.
The white imp gestures at you. The puff of frost hits you. You resist.
* * * LOW HITPOINT WARNING * * *
The scorpion misses you.
The white imp shouts, "Slither hence, thou puny dismal-dreaming joithead!"
The white imp completely misses you.
You hit the white imp.
You kill the white imp!
Trog accepts your kill.
The scorpion stings you but does no damage.
The scorpion stings you.
* * * LOW HITPOINT WARNING * * *
You whack the scorpion! You freeze the scorpion.
The scorpion is almost dead.
The scorpion stings you.
* * * LOW HITPOINT WARNING * * *
You hit the scorpion. You freeze the scorpion.
The scorpion is almost dead.
The scorpion stings you.
You die...

#.............# ###...#########
#.............####.....'........
#.............(........#.#######
#.................#....#.# #
#####.....##....####.####.# #
#.........####..####.# #.# #
#.........# #..##....# #.# #
#.........###..##.#### #.#######
#.........##...s@..<# #........
#............####.#######.#######
#.........>......................
#.........#######.#######.....#..
#.........#######+#######.#.#....
#......................##.#......
#......................##.####...
##.##..................##^# #..#
##.#######.............##.# #...


You could see a scorpion.

Vanquished Creatures
  A phantom (D:4)
  A necrophage (D:4)
  A scorpion (D:4)
  A howler monkey (D:4)
  2 hounds (D:4)
  An iguana (D:4)
  3 gnolls (D:2)
  An adder (D:4)
  A white imp (D:4)
  4 dart slugs
  An orc (D:3)
  9 endoplasms
  6 giant cockroaches
  10 goblins
  5 hobgoblins
  2 jackals (D:3)
  8 kobolds
  2 quokkas (D:1)
  5 ball pythons
  6 bats
  4 frilled lizards
  7 rats
81 creatures vanquished.

Vanquished Creatures (others)
  4 withered plants (D:2)
4 creatures vanquished.

Grand Total: 85 creatures vanquished

Notes
Turn   | Place    | Note
-------+----------+-------------------------------------------
     0 | D:1      | KarmaKiller the Naga Berserker began the quest for the Orb.
     0 | D:1      | Reached XP level 1. HP: 21/21 MP: 1/1
    48 | D:1      | Reached XP level 2. HP: 25/28 MP: 2/2
   324 | D:1      | Reached ** piety under Trog
   333 | D:1      | Reached XP level 3. HP: 33/34 MP: 3/3
  1243 | D:3      | Identified the +9 whip "Joinapt" {freeze, rF+++}
  2012 | D:2      | Reached XP level 4. HP: 40/44 MP: 4/4
  2048 | D:2      | Found a faded altar of an unknown god.
  2410 | D:2      | Reached *** piety under Trog
  2795 | D:4      | Found a staircase to the Ecumenical Temple.
  2903 | D:4      | Noticed a phantom
  2913 | D:4      | Reached XP level 5. HP: 42/50 MP: 5/5
  2917 | D:4      | Killed a phantom
  2918 | D:4      | Reached skill level 4 in Fighting
  2918 | D:4      | Reached skill level 1 in Stealth
  2937 | D:4      | Reached skill level 1 in Short Blades
  2956 | D:4      | Reached XP level 6. HP: 57/57 MP: 6/6
  3089 | D:4      | Found a glowing silver altar of Zin.
  3089 | D:4      | Noticed an angel
  3121 | D:4      | Reached skill level 1 in Maces & Flails
  3374 | D:5      | Entered Level 5 of the Dungeon
  3374 | D:5      | Noticed Ijyb
  3479 | D:4      | Reached XP level 7. HP: 16/59 MP: 7/7
  3483 | D:4      | Slain by a scorpion

Illustrated notes

Levels and vault maps discovered:
D:1:      wheals_arrival_shading, layout_rooms, minmay_3d_cube
D:2:      minmay_spotlight, layout_basic, shapermc_ecumenical_altar_flowoftime
D:3:      layout_basic
D:4:      layout_basic, zin_angel, minmay_temple_entry_butterflies
D:5:      layout_rooms, minmay_crystal_water, water_boxes_lemuel, uniq_ijyb,
          uniq_duvessa, uniq_grinder, uniq_prince_ribbit1, uniq_menkaure

Skill      XL: |  1  2  3  4  5  6 |
---------------+-------------------+-----
Armour         | 2 3 |  3.4
Dodging        | 2 |  2.6
Fighting       | 4 |  4.3
Stealth        | 1 2 |  2.0
Short Blades   | 1 |  1.2
Maces & Flails | 1 |  1.7
Polearms       | |  3.9
Shields        | |  0.9

Action                   |  1- 3 |  4- 6 |  7- 9 || total
-------------------------+-------+-------+-------++-------
Melee: Spear             |    51 |       |       ||    51
       Dagger            |    15 |       |       ||    15
       Whip              |    14 |    58 |     4 ||    76
       Punch             |     1 |       |       ||     1
 Abil: Spit Poison       |    25 |    16 |       ||    41
  Use: Scroll            |       |     9 |       ||     9
Armor: Animal skin       |     3 |       |       ||     3
       Ring mail         |    32 |    31 |     1 ||    64
Dodge: Dodged            |    51 |    34 |     2 ||    87
Block: Other             |     4 |    17 |       ||    21
       Reflection        |       |     1 |       ||     1

Table legend: (Time is in decaauts)
 A = Elapsed time spent in this place.
 B = Non-inter-level travel time spent in this place.
 C = Inter-level travel time spent in this place.
 D = Time resting spent in this place.
 E = Time spent auto-exploring this place.
 F = Levels seen in this place.
 G = Mean time per level.
                   A        B        C        D        E       F      G
               +--------+--------+--------+--------+--------+-----+--------+
         Total |   4727 |   4727 |      0 |     51 |      0 |   5 |  945.4 |
       Dungeon |   4727 |   4727 |      0 |     51 |      0 |   5 |  945.4 |
               +--------+--------+--------+--------+--------+-----+--------+

Top non-repeatable levels by time:
     D:2: 1452 daAuts
     D:3: 1145 daAuts
     D:1: 1074 daAuts
     D:4: 1048 daAuts
     D:5: 6 daAuts
